AoeStats
← Topi-Petteri

Arabia

505021248Analyzed
1v1 RM · 25d ago on Sep 7, 2026· 59m 16s· 2 players
Game mode
Random Map
Map size
Tiny (2 player)
Population
200
Speed
Normal
Resources
Standard
Victory
Conquest
Starting age
Dark Age
Ending age
Imperial Age
RankedLock teamsTeams togetherTeam positionsShared explorationLock speedFull tech treeHidden civsTurbo modeCheats
Victory
Defeat
🇫🇮 Britons · Finland
758
+16
🇪🇸 Portuguese · Spain
752
-16
DieterSan
10:36 Feudal Age
8:53 Loom
12:38 Double-Bit Axe
19:30 Castle Age
17:39 Horse Collar
21:45 Bow Saw
21:29 Gold Mining
25:52 Wheelbarrow
36:45 Imperial Age
36:28 Pikeman
36:56 Arson
36:57 Gambesons
37:12 Halberdier
45:48 Forging
45:39 Scale Mail Armor
45:40 Padded Archer Armor
45:31 Fletching
Topi-Petteri
9:13 Feudal Age
14:47 Double-Bit Axe
18:10 Castle Age
17:49 Padded Archer Armor
17:40 Fletching
19:18 Bow Saw
18:33 Crossbowman
21:18 Horse Collar
22:52 Leather Archer Armor
25:35 Wheelbarrow
24:47 Town Watch
24:49 Loom
25:06 Gold Mining
25:14 Stone Mining
30:08 Light Cavalry
31:52 Scale Mail Armor
33:08 Forging
34:02 Hand Cart
34:50 Iron Casting
35:01 Chain Mail Armor
36:15 Scale Barding Armor
39:41 Imperial Age
38:00 Chain Barding Armor
39:34 Bodkin Arrow
41:28 Plate Mail Armor
41:33 Ring Archer Armor
42:04 Blast Furnace
45:54 Town Patrol
45:58 Husbandry
46:36 Plate Barding Armor
46:03 Bracer
55:54 Chemistry
54:47 Heated Shot
56:11 Two-Man Saw
56:07 Ballistics
56:39 Elite Longbowman
58:24 Conscription
Connection lost

Rejoining the realm…

Still unreachable

The connection could not be restored.

Session expired

The server has moved on; the page needs a fresh start.